 Dungeon Crawl Stone Soup version 0.27.1-33-g824d729ab1 (webtiles) character file.

Game seed: 5685253670647806159

86 SensoryNuts the Cudgeller (level 4, -1/44 HPs)
             Began as a Troll Monk on Dec 6, 2021.
             Was a Believer of Uskayaw.
             Slain by an orc (3 damage)
             ... on level 3 of the Dungeon.
             The game lasted 00:02:30 (1557 turns).

SensoryNuts the Cudgeller (Troll Monk)              Turns: 1557, Time: 00:02:30

Health: -1/44      AC:  4    Str: 19 (20) XL:     4   Next: 26%
Magic:  3/3        EV: 10    Int:  4 (6)  God:    Uskayaw [**....]
Gold:   62         SH:  0    Dex: 10 (12) Spells: 3/3 levels left

rFire    . . .     SeeInvis .   a - +0 mace
rCold    . . .     Faith    .   (no shield)
rNeg     . . .     Spirit   .   b - +0 robe
rPois    .         Reflect  .   (helmet restricted)
rElec    .         Harm     .   (no cloak)
rCorr    .         Rampage  .   (gloves unavailable)
Will     .....                  (boots unavailable)
Stlth    +.........             (no amulet)
HPRegen  1.14/turn              (no ring)
MPRegen  0.08/turn              (no ring)

@: brilliant, lethally poisoned (-1 -> -1)
A: large, unfitting armour, claws 3, regeneration 1, shaggy fur 1, tough skin 1
a: Renounce Religion, Stomp, Line Pass


You were on level 3 of the Dungeon.
You worshipped Uskayaw.
Uskayaw was noncommittal.
You visited 1 branch of the dungeon, and saw 3 of its levels.

You collected 62 gold pieces.

Inventory:

Hand Weapons
 a - a +0 mace (weapon)
Armour
 b - a +0 robe (worn)
Jewellery
 d - an amulet of faith
Scrolls
 e - a scroll of immolation
 f - a scroll of blinking {unknown}
 g - 2 scrolls of identify {unknown}
 i - a scroll of teleportation {unknown}


   Skills:
 + Level 2.7 Fighting
 + Level 3.9 Maces & Flails
 + Level 2.8 Dodging
 + Level 1.2 Stealth


You had 3 spell levels left.
You didn't know any spells.
Your spell library contained the following spells:

 Spells                   Type           Power      Damage    Failure   Level
 Portal Projectile        Hex/Tloc       0%         N/A       86%         3
 Blade Hands              Tmut           0%         N/A       100%        5
 Excruciating Wounds      Necr           0%         N/A       100%        5


Dungeon Overview and Level Annotations

Branches:
Dungeon (3/15)

Altars:
Nemelex Xobeh
Uskayaw

Shops:
D:1 :


Innate Abilities, Weirdness & Mutations

You are too large for most types of armour.
You have claws for hands.
Your natural rate of healing is unusually fast.
You are covered in fur. (AC +1)
You have tough skin. (AC +1)


Message History

You feel very sick.
A rat comes into view.
The orc priest hits you with a +0 club.
You hit the orc priest.
The orc priest is moderately wounded.
You feel very sick. The orc priest barely misses you.
A rat comes into view.
The rat twitches its whiskers.
The orc priest zaps a wand.
Your will is overpowered!
You are confused.
You can now pass through a line of other dancers.
It was a potion of cancellation.
Your magical effects are unravelling.
You feel magically purged.
You feel less confused.
You feel very sick. The orc hits you with a +0 club.
The orc hits you with a +0 hand axe.
The orc priest calls down the wrath of Beogh upon you.
Pain shoots through your body!
* * * LOW HITPOINT WARNING * * *
It was a potion of degeneration.
There was something very wrong with that liquid.
You feel weakened.
You feel dopey.
You feel clumsy.
You feel sick. The orc barely misses you. x2
The orc priest hits you but does no damage.
A rat comes into view.
Unknown command.
It was a potion of brilliance.
You feel clever all of a sudden.
You feel sick. The orc hits you with a +0 club.
* * * LOW HITPOINT WARNING * * *
The orc hits you with a +0 hand axe.
* * * LOW HITPOINT WARNING * * *
The orc priest hits you with a +0 club.
* * * LOW HITPOINT WARNING * * *
As you read the scroll labelled ROUTEV TEYMNAL, it crumbles to dust.
The creatures around you are filled with an inner flame!
It was a scroll of immolation.
You feel sick. The orc hits you with a +0 club.
You die...

# # # ########
#########.......
#.........######
### #.#########
# .##...###.# ##
#### ......o@..#
...###...
......oo###
.......#.
......rr#
.#.....
.r....r.#
#..##..
.........
##..####.
.##...###
......... #?.#
...#####. ##. #.
#.


You could see an orc priest (inner flame), 2 orcs and 4 rats.

Vanquished Creatures
  2 adders (D:2)
  A worm (D:2)
  3 dart slugs
  4 orcs
  A ball python (D:2)
  6 endoplasms
  A giant cockroach (D:1)
  A goblin (D:2)
  6 hobgoblins
  4 jackals (D:1)
  7 kobolds
  3 quokkas
  2 bats
  6 frilled lizards
  6 rats
53 creatures vanquished.

Notes
Turn   | Place    | Note
-------+----------+-------------------------------------------
     0 | D:1      | SensoryNuts the Troll Monk began the quest for the Orb.
     0 | D:1      | Reached XP level 1. HP: 22/22 MP: 0/0
   127 | D:1      | Reached skill level 3 in Maces & Flails
   127 | D:1      | Reached XP level 2. HP: 23/29 MP: 1/1
   157 | D:1      | Found a faded altar of an unknown god.
   165 | D:1      | Became a worshipper of Uskayaw the Reveller
   165 | D:1      | Reached * piety under Uskayaw
   165 | D:1      | Reached ** piety under Uskayaw
   466 | D:1      | Found Haohuog's Book Shop.
   769 | D:2      | Reached XP level 3. HP: 34/36 MP: 2/2
   850 | D:2      | Found a sparkling altar of Nemelex Xobeh.
  1178 | D:2      | Reached *** piety under Uskayaw
  1278 | D:2      | Reached XP level 4. HP: 44/44 MP: 3/3
  1557 | D:3      | HP: 2/44 [poisoned by an orc]
  1557 | D:3      | Slain by an orc

Illustrated notes

Levels and vault maps discovered:
D:1:      minmay_arrival_wavy_path, layout_loops_ring, serial_shops,
          nicolae_lakefront_shop, basic_ecumenical_altar, serial_park_tiny_pond
D:2:      layout_basic, basic_altar
D:3:      layout_rooms, amcnicky_altar_gilded, minmay_rat_hole

Skill      XL: |  1 |
---------------+----+-----
Maces & Flails | 3 |  3.9
Fighting       | |  2.7
Dodging        | |  2.8
Stealth        | |  1.2

Action                   |  1- 3 |  4- 6 || total
-------------------------+-------+-------++-------
Melee: Mace              |   114 |    36 ||   150
  Use: Potion            |       |     3 ||     3
       Scroll            |       |     1 ||     1
 Stab: Sleeping          |     3 |       ||     3
Armor: Robe              |    40 |    16 ||    56
Dodge: Dodged            |    59 |    22 ||    81
